cohdb
Replays
Latest Replays
All Replays
Popular Replays
Top Player Replays
Match Explorer
How It Works
Community
CoH3 Stats
Reddit
Sign in to upload your games and track your stats! →
Sign in with Steam
Match 42083780
Unlisted
Match 42083780
Overview
Messages
Build Orders
End
Kettenkrad Recon Vehicle
Construct Infanterie Kompanie
MG 42 Machine Gun Team
Grenadier Squad
Construct Panzergrenadier Kompanie
251 Medium Carrier
Panzergrenadier Squad
MG 42 Machine Gun Team
Pak 40 Anti-tank Gun Team
Construct Panzer Kompanie
Panzer IV Medium Tank
Panzer IV Medium Tank
Selects Mechanized Battlegroup
Selects Spotting Scopes
Selects Wespe Self-propelled Artillery
Side Skirts
Panzer Officer Quarters
Selects Mechanized Assault
Luft Waffle
SuurSaadik
soul123dark
Johnson
[82AD] PaulVmax
Valieriumborn
viperking
A Chunky Chaffinch
0
0
Comments
sign in to comment!
No comments posted yet!